Map: Ley Lines

Players

yoyo

  • Race: Zerg Zerg
  • League: Diamond
  • Spawn Location: 1:00

SubN - Winner!

  • Race: Zerg Zerg
  • League: Diamond
  • Spawn Location: 7:00

VOD

Have the link to the VOD?

Description

Time

  • Played on: July 22, 2025, 1:29 p.m.
  • Length: 3:08
Show
View Real Time Build Order
Export as new Build Order

yoyo Zerg 

Build Orders: Pool First 

Get SALT Encoding   

  12  0:00  Drone  
  13  0:12  Overlord  
  13  0:18  Drone  
  14  0:32  Drone x2  
  16  0:41  Spawning Pool  
  15  0:44  Drone  
  15  0:48  Drone  
  17  1:07  Hatchery  
  17  1:11  Drone  
  17  1:14  Extractor  
  16  1:28  Zergling x2  
  16  1:29  Zergling x4  
  19  1:34  Queen  
  19  1:39  Drone  
  22  1:51  Overlord  
  22  2:10  Queen  
  24  2:26  Drone x3  
  24  2:27  Spine Crawler  
  26  2:36  Zergling x4  
  27  2:42  Overlord  
Show
View Real Time Build Order
Export as new Build Order

SubN Zerg - Winner!

Build Orders: Pool First 

Get SALT Encoding   

  12  0:00  Drone  
  13  0:08  Drone  
  13  0:11  Extractor  
  13  0:28  Spawning Pool  
  12  0:55  Hatchery  
  11  1:15  Queen  
  13  1:28  Metabolic Boost  
  13  1:36  Overlord  
  13  1:41  Zergling x2  
  14  1:54  Zergling x2  
  14  1:55  Zergling x2  
  14  2:00  Zergling x2  
  17  2:08  Zergling x2  
  17  2:12  Zergling x2  
  19  2:20  Zergling x4  
  19  2:33  Zergling x8  
  23  2:40  Zergling x2  
  24  2:44  Zergling x2  
Tags
 
Matchup
ZvZ
Race
Zerg
Replay Pack
Multiplayer
Spawn Locations
Cross Positions
Add a new tag
Caveats
  • Supply blocks, unpowered buildings, or Contaminate may cause inaccurate times.
  • Supply counts are checked every 10 seconds.